 Dungeon Crawl Stone Soup version 0.18.1-50-g88ac8fd (webtiles) character file.

457 sleepydude the Skirmisher (level 6, -9/84 HPs)
             Began as a Draconian Berserker on Oct 15, 2016.
             Was a Priest of Trog.
             Mangled by Duvessa
             ... wielding a +0 short sword
              (13 damage)
             ... on level 4 of the Dungeon.
             The game lasted 00:10:01 (3845 turns).

sleepydude the Skirmisher (Draconian Berserker)     Turns: 3845, Time: 00:10:02

Health: -9/84      AC:  8    Str: 26    XL:     6   Next: 77%
Magic:  6/6        EV: 13    Int:  8    God:    Trog [***...]
Gold:   197        SH:  0    Dex: 10    Spells: 0 memorised, 5 levels left

rFire  . . .     SeeInvis .     p - +0 flail
rCold  . . .     Gourm    .     (armour unavailable)
rNeg   . . .     Faith    .     (no shield)
rPois  .         Spirit   .     (helmet restricted)
rElec  .         Dismiss  .     l - +0 cloak
rCorr  .         Reflect  .     (no gloves)
SustAt .         Harm     .     e - +0 pair of boots (curse)
MR     .....                    (no amulet)
Stlth  ..........               (no ring)
                                y - ring of stealth

@: berserking (expiring), very quick, not resistant to hostile enchantments,
extremely unstealthy
A: unfitting armour, cold-blooded, AC +6
a: Berserk, Trog's Hand, Burn Spellbooks, Renounce Religion


You were on level 4 of the Dungeon.
You worshipped Trog.
Trog was most pleased with you.
You were very hungry.

You visited 1 branch of the dungeon, and saw 4 of its levels.

You collected 197 gold pieces.

Inventory:

Hand Weapons
 a - a +0 mace
 p - a +0 flail (weapon)
Armour
 c - a +0 chain mail
 e - a cursed +0 pair of boots (worn)
 l - a +0 cloak (worn)
Jewellery
 s - an uncursed ring of protection from cold {unknown}
 y - a ring of stealth (left hand)
Wands
 v - a wand of disintegration (13/24)
Scrolls
 d - 4 scrolls of amnesia {unknown}
 f - 2 scrolls of teleportation {unknown}
 g - 6 scrolls of identify {unknown}
 i - 2 scrolls of blinking {unknown}
 k - a scroll of remove curse {unknown}
 m - 2 scrolls of recharging {unknown}
 t - a scroll of random uselessness {unknown}
 u - a scroll of enchant armour {unknown}
 x - a scroll of magic mapping {unknown}
Potions
 j - 4 potions of curing {unknown}
 n - a potion of beneficial mutation {unknown}
 o - 2 potions of heal wounds {unknown}
 q - 2 potions of resistance {unknown}
 r - a potion of berserk rage {unknown}
Comestibles
 b - 2 bread rations
 h - 3 meat rations


   Skills:
 + Level 5.3 Fighting
 + Level 5.2 Maces & Flails
 + Level 4.5 Dodging


You had 5 spell levels left.
You didn't know any spells.

Dungeon Overview and Level Annotations

Branches:
Dungeon (4/15)
 Temple: D:4-7

Altars:
Ashenzari
Cheibriados
Gozag

Annotations:
D:4 Duvessa


Innate Abilities, Weirdness & Mutations

Your plain brown scales are hard (AC +6).
Your body does not fit into most forms of armour.
You are cold-blooded and may be slowed by cold attacks.


Message History

You hit something. Something hits you! The giant cockroach misses you.
Something hits you!
* * * LOW HITPOINT WARNING * * *
You hit something. The giant cockroach barely misses you.
Something barely misses you.
You sock something!
Your tail-slap misses something.
The giant cockroach closely misses you. Something hits you!
* * * LOW HITPOINT WARNING * * *
You are feeling very hungry.
You barely miss something. Something hits you but does no damage.
You thump something!
The giant cockroach completely misses you.
Something hits you.
* * * LOW HITPOINT WARNING * * *
You barely miss something.
The giant cockroach bites you but does no damage.
Something hits you.
* * * LOW HITPOINT WARNING * * *
You miss something. The giant cockroach closely misses you. Something hits you!
You die...

......# #.........
....... ##.........
....... #..........
....... ##.........
.e.....## ##........
........## ###
##....... #.l####.#
##......
##{s#...#######.....
##@................
#......########...
#....### #### ######


You could see an iguana and a giant cockroach.

Vanquished Creatures
  Dowan (D:4)
  A scorpion (D:3)
  Ijyb (D:3)
  A worker ant (D:4)
  5 orc wizards
  6 adders
  An ooze (D:1)
  4 worms
  2 dart slugs
  7 giant geckos
  7 orcs
  2 ball pythons
  2 giant cockroaches
  16 goblins
  9 hobgoblins
  6 jackals
  A quokka (D:2)
  5 bats
  4 giant newts
  5 kobolds
  7 rats
93 creatures vanquished.

Notes
Turn   | Place    | Note
--------------------------------------------------------------
     0 | D:1      | sleepydude the Draconian Berserker began the quest for the Orb.
     0 | D:1      | Reached XP level 1. HP: 19/19 MP: 1/1
   206 | D:1      | Reached XP level 2. HP: 13/26 MP: 2/2
   458 | D:1      | Found a shattered altar of Ashenzari.
  1016 | D:2      | Reached XP level 3. HP: 33/33 MP: 3/3
  1235 | D:2      | Reached ** piety under Trog
  1713 | D:2      | Reached XP level 4. HP: 39/40 MP: 4/4
  2056 | D:3      | Found a snail-covered altar of Cheibriados.
  2135 | D:3      | Reached XP level 5. HP: 25/46 MP: 5/5
  2608 | D:3      | Reached *** piety under Trog
  2924 | D:3      | Noticed Ijyb
  2936 | D:3      | Killed Ijyb
  2936 | D:3      | Reached XP level 6. HP: 25/55 MP: 6/6
  3293 | D:3      | Found an opulent altar of Gozag.
  3344 | D:3      | Reached skill level 5 in Fighting
  3466 | D:4      | Reached skill level 5 in Maces & Flails
  3819 | D:4      | Noticed Dowan
  3828 | D:4      | Noticed Duvessa
  3836 | D:4      | Killed Dowan
  3844 | D:4      | HP: 4/84 [something (5)]
  3845 | D:4      | Mangled by Duvessa

Skill      XL: |  1  2  3  4  5  6 |
---------------+-------------------+-----
Dodging        | 3 4 |  4.5
Maces & Flails | 4 5 |  5.2
Fighting       | 4 5 |  5.3

Action                   |  1- 3 |  4- 6 || total
-------------------------+-------+-------++-------
Melee: Mace              |   121 |    39 ||   160
       Tailslap          |    13 |    21 ||    34
       Flail             |       |   160 ||   160
Invok: Berserk           |       |     2 ||     2
 Stab: Sleeping          |       |     1 ||     1
  Eat: Chunk             |     2 |     8 ||    10
Armor: Skin              |    37 |    73 ||   110
Dodge: Dodged            |    95 |   149 ||   244
